 Dungeon Crawl Stone Soup version 0.21.1-1-g345015fe64 (webtiles) character file.

453 Lothor the Quickloader (level 6, -1/48 HPs)
             Began as a Centaur Hunter on Mar 22, 2018.
             Slain by a jackal (2 damage)
             ... on level 3 of the Dungeon.
             The game lasted 00:10:20 (2706 turns).

Lothor the Quickloader (Centaur Hunter)             Turns: 2706, Time: 00:10:21

Health: -1/48      AC:  6    Str: 14    XL:     6   Next: 75%
Magic:  6/6        EV:  8    Int: 10    God:
Gold:   94         SH:  0    Dex: 12    Spells: 5/5 levels left

rFire    . . .     SeeInvis .   a - +1 hand crossbow
rCold    . . .     Gourm    .   (no shield)
rNeg     . . .     Faith    .   x - +0 ring mail (curse)
rPois    .         Spirit   .   q - +0 helmet
rElec    .         Reflect  .   (no cloak)
rCorr    .         Harm     .   (no gloves)
MR       .....                  (no barding)
Stlth    ..........             (no amulet)
HPRegen  0.16/turn              (no ring)
MPRegen  0.10/turn              (no ring)

@: very quick
A: large, hooves 3, deformed body, speed 2, tough skin 3
a: no special abilities


You were on level 3 of the Dungeon.
You were not hungry.

You visited 1 branch of the dungeon, and saw 3 of its levels.

You collected 94 gold pieces.

Inventory:

Hand Weapons
 a - a +1 hand crossbow (weapon)
 b - a +0 short sword
 n - a +0 hunting sling
Missiles
 d - 16 bolts (quivered)
 g - 15 arrows
 i - 38 stones
 p - 81 sling bullets
Armour
 q - a +0 helmet (worn)
 x - a cursed +0 ring mail (worn)
Scrolls
 h - 4 scrolls of identify {unknown}
 j - a scroll of fear {unknown}
 l - a scroll of amnesia {unknown}
 m - a scroll of random uselessness {unknown}
 o - 3 scrolls of remove curse {unknown}
 r - 2 scrolls of immolation {unknown}
 v - a scroll of blinking {unknown}
Potions
 e - 4 potions of curing {unknown}
 s - 2 potions of berserk rage {unknown}
 t - a potion of degeneration {unknown}
 u - a potion of flight {unknown}
 w - a potion of brilliance {unknown}
Comestibles
 f - 6 rations
 k - 12 chunks of flesh


   Skills:
 - Level 2.0 Fighting
 + Level 9.0 Crossbows
 - Level 1.3 Dodging
 - Level 0.4 Stealth


You had 5 spell levels left.
You didn't know any spells.

Dungeon Overview and Level Annotations

Branches:
Dungeon (3/15)

Altars:
Fedhas


Innate Abilities, Weirdness & Mutations

You have hooves in place of feet.
Armour fits poorly on your strangely shaped body.
You cover ground very quickly.
You have extremely tough skin. (AC +3)


Message History

The jackal bites you but does no damage.
The jackal completely misses you.
The jackal bites you but does no damage.
The jackal bites you.
* * * LOW HITPOINT WARNING * * *
The jackal bites you but does no damage.
The jackal barely misses you.
The jackal bites you but does no damage.
The jackal bites you.
* * * LOW HITPOINT WARNING * * *
The jackal closely misses you. x2; The jackal barely misses you.
The jackal bites you but does no damage.
The jackal bites you.
* * * LOW HITPOINT WARNING * * *
The jackal bites you but does no damage. x4
The jackal bites you but does no damage.
The jackal barely misses you.
The jackal bites you but does no damage. x2
The jackal bites you.
You die...

#. #. #.####
....# ...# #..#
########..######.
#......(.@h......
#.######.h######.
#.# #..# #.# #..#
#####.### #..#
##...#.#.. ....
##.###..#.# ...##
##.##
##.#.#.###.# #.##
##..#.###


You could see 2 jackals.

Vanquished Creatures
  Sigmund (D:3)
  A centaur zombie (D:3)
  A bullfrog zombie (D:2)
  2 orc wizards (D:3)
  Robin (D:2)
  8 gnolls
  5 adders
  A worm (D:2)
  2 dart slugs
  5 leopard geckos
  8 orcs (D:3)
  3 giant cockroaches
  16 goblins
  8 hobgoblins
  4 jackals
  2 ball pythons (D:2)
  10 bats
  3 frilled lizards
  6 kobolds
  5 rats
92 creatures vanquished.

Notes
Turn   | Place    | Note
-------+----------+-------------------------------------------
     0 | D:1      | Lothor the Centaur Hunter began the quest for the Orb.
     0 | D:1      | Reached XP level 1. HP: 17/17 MP: 1/1
   165 | D:1      | Reached XP level 2. HP: 24/24 MP: 2/2
   185 | D:1      | Reached skill level 5 in Crossbows
   652 | D:2      | Reached XP level 3. HP: 27/29 MP: 3/3
   788 | D:2      | Noticed Robin
   804 | D:2      | Reached skill level 6 in Crossbows
   814 | D:2      | Killed Robin
   814 | D:2      | Reached XP level 4. HP: 15/36 MP: 4/4
  1120 | D:2      | Found a blossoming altar of Fedhas.
  1577 | D:2      | Reached skill level 7 in Crossbows
  1577 | D:2      | Reached XP level 5. HP: 41/41 MP: 5/5
  2095 | D:3      | Found a blossoming altar of Fedhas.
  2120 | D:3      | Reached skill level 8 in Crossbows
  2147 | D:3      | Noticed Sigmund
  2175 | D:3      | Reached XP level 6. HP: 18/48 MP: 6/6
  2180 | D:3      | Killed Sigmund
  2524 | D:3      | Reached skill level 9 in Crossbows
  2701 | D:3      | HP: 1/48 [jackal (2)]
  2706 | D:3      | Slain by a jackal

Skill      XL: |  1  2  3  4  5  6 |
---------------+-------------------+-----
Crossbows      | 5 6 7 8 9 |  9.0
Fighting       | |  2.0
Dodging        | |  1.3
Stealth        | |  0.4

Action                   |  1- 3 |  4- 6 || total
-------------------------+-------+-------++-------
 Fire: Hand crossbow     |    87 |   151 ||   238
Throw: Stone             |       |     8 ||     8
  Eat: Chunk             |       |     4 ||     4
Armor: Leather armour    |    14 |    31 ||    45
       Ring mail         |       |    76 ||    76
Dodge: Dodged            |    23 |   107 ||   130
